 Dungeon Crawl Stone Soup version 0.20-b1 (webtiles) character file.

1519 Inarius the Shield-Bearer (level 8, -14/70 HPs)
             Began as a Minotaur Fighter on May 18, 2017.
             Killed from afar by an electric eel (16 damage)
             ... with a bolt of electricity
             ... on level 6 of the Dungeon.
             The game lasted 00:15:06 (4809 turns).

Inarius the Shield-Bearer (Minotaur Fighter)        Turns: 4809, Time: 00:15:07

Health: -14/70     AC: 13    Str: 20    XL:     8   Next: 54%
Magic:  7/7        EV:  5    Int:  5    God:
Gold:   76         SH: 10    Dex: 13    Spells: 7/7 levels left

rFire    . . .     SeeInvis .   A - +2 short sword (elec)
rCold    . . .     Gourm    .   c - +0 shield
rNeg     + . .     Faith    .   B - +0 plate armour
rPois    .         Spirit   .   (helmet restricted)
rElec    .         Reflect  .   (no cloak)
rCorr    .         Harm     .   (no gloves)
MR       .....                  (no boots)
Stlth    ..........             (no amulet)
Regen    0.3/turn               y - ring of stealth
MPRegen  0.1/turn               g - ring of positive energy

@: no status effects
A: retaliatory headbutt, horns 2
a: no special abilities


You were on level 6 of the Dungeon.
You were hungry.

You visited 2 branches of the dungeon, and saw 7 of its levels.

You collected 172 gold pieces.
You spent 96 gold pieces at shops.

Inventory:

Hand Weapons
 A - a +2 short sword of electrocution (weapon)
Armour
 c - a +0 shield (worn)
 B - a +0 plate armour (worn)
Jewellery
 g - a ring of positive energy (right hand)
 y - a ring of stealth (left hand)
Wands
 a - a wand of flame (24/48)
Scrolls
 i - a scroll of magic mapping {unknown}
 k - a scroll of acquirement {unknown}
 n - a scroll of teleportation
 p - a scroll of blinking {unknown}
 q - a scroll of amnesia {unknown}
 u - a scroll of remove curse {unknown}
 x - a scroll of recharging {unknown}
 z - a scroll of noise {unknown}
Potions
 d - 2 potions of might
 e - a potion of flight
 h - 3 potions of curing {unknown}
 l - 2 potions of haste {unknown}
 m - a potion of ambrosia {unknown}
 o - a potion of agility
 v - a potion of mutation {unknown}
Comestibles
 b - a fruit
 f - 6 bread rations
 j - 2 royal jellies
 s - 3 meat rations


   Skills:
 + Level 6.1 Fighting
 + Level 3.9(5.6) Short Blades
   Level 6.7(7.3) Long Blades
 + Level 6.6 Armour
 + Level 2.2 Dodging
 - Level 1.2 Stealth
 + Level 6.9 Shields


You had 7 spell levels left.
You didn't know any spells.

Dungeon Overview and Level Annotations

Branches:
Dungeon (6/15)             Temple (1/1) D:4

Altars:
Ashenzari
Elyvilon
Hepliaklqana
Makhleb
Nemelex Xobeh
Qazlal
Ru
Sif Muna
Vehumet
Xom
Zin
The Shining One
Lugonu

Shops:
D:4 (


Innate Abilities, Weirdness & Mutations

You reflexively headbutt those who attack you in melee.
You have a pair of horns on your head.


Message History

The bolt of electricity hits you!
You puncture the electric eel!
The electric eel is almost dead.
The electric eel shoots out a bolt of lightning at you!
The bolt of electricity hits you!
You puncture the electric eel!
You kill the electric eel!
You hear a splash.
The electric eel shoots out a bolt of lightning at you!
The bolt of electricity hits you!
* * * LOW HITPOINT WARNING * * *
The electric eel shoots out a bolt of lightning at you!
The bolt of electricity hits you!
* * * LOW HITPOINT WARNING * * *
A jackal comes into view.
You see here a chunk of flesh.
The jackal barks!
You hear a bark! x2
The electric eel shoots out a bolt of lightning at you!
The bolt of electricity hits you!
You die...

≈≈≈≈≈≈≈≈≈≈
≈≈≈≈≈≈≈≈≈≈≈
≈;≈≈P≈≈≈≈ ≈≈≈≈≈≈≈≈≈
#≈≈≈≈≈≈♣ #.†P≈≈P♣ #
#.#≈≈♣
.####.##%##≈♣♣
.......@.....#
###.#.##.##..# #.##
..h##..########.
..#.....#....)......
#
#..###..#.########.
..#..#...###.#
..........#.##
.........#..########
.##.....##.........


You could see an electric eel and a jackal.

Vanquished Creatures
  Sigmund (D:3)
  Edmund (D:5)
  2 ice beasts
  An ogre (D:4)
  A centaur (D:5)
  The ghost of MTVSty1e the Grave Robber, an amateur DsNe (D:3)
  2 scorpions (D:4)
  An electric eel (D:6)
  2 howler monkeys
  2 orc priests (D:5)
  A hound (D:5)
  A jelly (D:5)
  Jessica (D:2)
  An iguana (D:5)
  4 orc wizards
  2 worker ants
  10 adders
  4 gnolls (D:5)
  A worm (D:4)
  4 dart slugs
  2 leopard geckos
  20 orcs
  8 bats
  4 giant cockroaches
  11 hobgoblins
  9 jackals (D:1)
  7 kobolds
  3 quokkas
  A ball python (D:5)
  5 frilled lizards
  5 goblins
  6 rats
124 creatures vanquished.

Notes
Turn   | Place    | Note
-------+----------+-------------------------------------------
     0 | D:1      | Inarius the Minotaur Fighter began the quest for the Orb.
     0 | D:1      | Reached XP level 1. HP: 19/19 MP: 0/0
   114 | D:1      | Reached XP level 2. HP: 22/26 MP: 1/1
   436 | D:1      | Reached XP level 3. HP: 33/33 MP: 2/2
  1354 | D:2      | Reached XP level 4. HP: 40/40 MP: 3/3
  1376 | D:2      | Noticed Jessica
  1384 | D:2      | Killed Jessica
  1927 | D:3      | Noticed Sigmund
  1942 | D:3      | Killed Sigmund
  1942 | D:3      | Reached skill level 1 in Stealth
  1942 | D:3      | Reached skill level 5 in Shields
  1942 | D:3      | Reached XP level 5. HP: 30/47 MP: 4/4
  1942 | D:3      | Reached XP level 6. HP: 34/53 MP: 5/5
  2197 | D:3      | Found a radiant altar of Vehumet.
  2245 | D:3      | Found a shattered altar of Ashenzari.
  2304 | D:3      | Noticed an ice beast
  2323 | D:3      | Killed an ice beast
  2323 | D:3      | Reached skill level 5 in Armour
  2328 | D:3      | Noticed MTVSty1e's ghost (amateur DsNe)
  2344 | D:3      | Killed MTVSty1e's ghost
  2344 | D:3      | Reached skill level 5 in Fighting
  2344 | D:3      | Reached skill level 5 in Long Blades
  2344 | D:3      | Reached skill level 1 in Dodging
  2543 | D:3      | Reached XP level 7. HP: 57/61 MP: 6/6
  2878 | D:4      | Found a staircase to the Ecumenical Temple.
  3061 | Temple   | Entered the Ecumenical Temple
  3166 | D:4      | You fall through a shaft!
  3166 | D:5      | Entered Level 5 of the Dungeon
  3284 | D:4      | Found Dosaampo's Antique Weapon Shoppe.
  3295 | D:4      | Bought a runed short sword for 96 gold pieces
  3609 | D:5      | Reached XP level 8. HP: 69/69 MP: 7/7
  3900 | D:5      | Reached skill level 1 in Short Blades
  4228 | D:5      | Noticed Edmund
  4243 | D:5      | Killed Edmund
  4554 | D:5      | Found a glowing silver altar of Zin.
  4808 | D:6      | HP: 2/70 [electric eel/bolt of electricity (10)]
  4809 | D:6      | Killed from afar by an electric eel

Skill      XL: |  1  2  3  4  5  6  7  8 |
---------------+-------------------------+-----
Armour         | 4 5 6 |  6.6
Shields        | 4 5 6 |  6.9
Fighting       | 4 5 6 |  6.1
Long Blades    | 3 4 5 6 |  6.7
Stealth        | 1 |  1.2
Dodging        | 1 2 |  2.2
Short Blades   | 3 |  3.9

Action                   |  1- 3 |  4- 6 |  7- 9 || total
-------------------------+-------+-------+-------++-------
Melee: Long sword        |   104 |    95 |    59 ||   258
       Headbutt          |    12 |    11 |    34 ||    57
       Short sword       |       |       |   122 ||   122
  Use: Scroll            |       |       |     5 ||     5
       Potion            |       |       |     2 ||     2
  Eat: Chunk             |     1 |     2 |     5 ||     8
       Bread ration      |       |     1 |       ||     1
Armor: Scale mail        |    45 |    30 |       ||    75
       Chain mail        |       |     6 |    42 ||    48
       Plate armour      |       |       |     5 ||     5
Dodge: Dodged            |    32 |    22 |    36 ||    90
Block: Shield            |    62 |    30 |    84 ||   176
       Rpst.: Long sword |    11 |     4 |     3 ||    18
